 Dungeon Crawl Stone Soup version 0.31-a0-995-g04711c9635 (webtiles) character file.

Game seed: 13706128518120105816

49 KARABOGA the Changeling (level 3, 0/49 HPs)
             Began as an Ogre Shapeshifter on Nov 6, 2023.
             Succumbed to an adder's poison
             ... on level 2 of the Dungeon.
             The game lasted 00:03:24 (1248 turns).

KARABOGA the Changeling (Ogre Shapeshifter)         Turns: 1248, Time: 00:03:24

Health: 0/49       AC:  3    Str: 20    XL:     3   Next: 77%
Magic:  3/3        EV:  9    Int: 11    God:
Gold:   78         SH:  0    Dex:  8    Spells: 2/2 levels left

rFire   . . .        g - +0 club
rCold   + . .        (no shield)
rNeg    . . .        a - +0 animal skin
rPois   .            (helmet currently unavailable)
rElec   .            (cloak currently unavailable)
rCorr   .            (gloves unavailable)
SInv    .            (boots unavailable)
Will    +....        (no amulet) Stlth
                     e - ring of willpower
HPRegen 0.28/turn    k - ring of protection from cold
MPRegen 0.08/turn

%: no passive effects
@: berserking, lethally poisoned (0 -> -2), beast-form, very quick
A: beast (slay +2), large, unfitting armour, tough skin 1
a: Begin Untransformation


You were on level 2 of the Dungeon.
You were a hulking beast.
You visited 1 branch of the dungeon, and saw 2 of its levels.

You collected 78 gold pieces.

Inventory:

Hand Weapons
 g - a +0 club (weapon)
Armour
 a - a +0 animal skin (worn)
 h - a +2 hat
Jewellery
 e - a ring of willpower (left hand)
 k - a ring of protection from cold (right hand)
Talismans
 c - a beast talisman (active)
 d - a flux talisman
Scrolls
 i - a scroll of amnesia {unknown}
 l - 2 scrolls of identify {unknown}
Potions
 b - a potion of lignification
 j - a potion of mutation {unknown}
 m - a potion of ambrosia {unknown}


   Skills:
 - Level 1.3 Fighting
 + Level 2.0 Maces & Flails
 - Level 1.7 Dodging
 - Level 2.6 Unarmed Combat
 - Level 3.7 Shapeshifting


You had 2 spell levels left.
You didn't know any spells.
Your spell library contained the following spells:

 Spells                   Type           Power      Damage    Failure   Level
 Ensorcelled Hibernation  Hex/Ice        0%         N/A       47%         2
 Jinxbite                 Hex            0%         N/A       47%         2
 Anguish                  Hex/Necr       0%         N/A       98%         4


Dungeon Overview and Level Annotations

Branches:
Dungeon (2/15)

Altars:


Innate Abilities, Weirdness & Mutations

You are a hulking beast.
Your limbs bulge with bestial killing power. (Slay +2)
You are too large for most types of armour.
You have tough skin. (AC +1)


Message History

You closely miss the adder.
The adder is almost dead.
You feel sick. The adder bites you. x2
You hit the adder but do no damage.
The adder is almost dead.
You feel sick.
You are no longer poisoned.
The adder misses you.
You closely miss the adder.
The adder is almost dead.
The adder bites you. x2
* * * LOW HITPOINT WARNING * * *
You barely miss the adder.
The adder is almost dead.
The adder bites you.
* * * LOW HITPOINT WARNING * * *
You hit the adder.
The adder is almost dead.
The adder bites you.
* * * LOW HITPOINT WARNING * * *
The adder closely misses you.
You miss the adder.
The adder is almost dead.
The adder closely misses you. The adder bites you.
* * * LOW HITPOINT WARNING * * *
You are lethally poisoned!
The adder poisons you!
It was a potion of berserk rage.
A red film seems to cover your vision as you go berserk!
You feel yourself moving faster!
You feel mighty!
* * * LOW HITPOINT WARNING * * *
You feel sick. The adder bites you but does no damage.
You miss the adder.
The adder is almost dead.
* * * LOW HITPOINT WARNING * * *
You feel sick. The adder bites you.
* * * LOW HITPOINT WARNING * * *
You completely miss the adder.
The adder is almost dead.
You die...

### ..#
#.# #.#
###.#
..#S#
#.#h#
#.#.#
#.###.#.#
#.......#
#####.###
#.# ##.#
###..#
##.#.##


You could see an adder.

Vanquished Creatures
  A dart slug (D:1)
  3 bats (D:1)
  2 endoplasms (D:1)
  2 giant cockroaches (D:1)
  5 hobgoblins (D:1)
  7 jackals
  2 quokkas (D:1)
  6 ball pythons (D:1)
  7 frilled lizards (D:1)
  3 goblins
  A kobold (D:1)
  4 rats (D:1)
43 creatures vanquished.

Notes
Turn   | Place    | Note
-------+----------+-------------------------------------------
     0 | D:1      | KARABOGA the Ogre Shapeshifter began the quest for the Orb.
     0 | D:1      | Reached XP level 1. HP: 19/19 MP: 1/1
   143 | D:1      | Reached XP level 2. HP: 25/27 MP: 2/2
   176 | D:1      | Found a faded altar of an unknown god.
   478 | D:1      | Reached skill level 1 in Maces & Flails
   478 | D:1      | Reached XP level 3. HP: 31/33 MP: 3/3
  1247 | D:2      | HP: 2/49 [poisoned by an adder]
  1248 | D:2      | Succumbed to an adder's poison

Illustrated notes

Levels and vault maps discovered:
D:1:      minmay_arrival_radiant_lines, layout_loops_cross,
          nicolae_ecumenical_snake_handling, nicolae_eternal_life, minivault_27
D:2:      layout_loops_corners

Skill      XL: |  1  2  3 |
---------------+----------+-----
Maces & Flails | 1 2 |  2.0
Fighting       | |  1.3
Dodging        | |  1.7
Unarmed Combat | |  2.6
Shapeshifting  | |  3.7

Action                     || total
---------------------------++-------
  Melee: Unarmed           ||    17
         Punch             ||     2
         Club              ||   120
    Use: Potion            ||     1
   Stab: Sleeping          ||     1
 Armour: Animal skin       ||   126
  Dodge: Dodged            ||    71
   Form: Beast             ||     1

Table legend: (Time is in decaauts)
 A = Elapsed time spent in this place.
 B = Non-inter-level travel time spent in this place.
 C = Inter-level travel time spent in this place.
 D = Time resting spent in this place.
 E = Time spent auto-exploring this place.
 F = Levels seen in this place.
 G = Mean time per level.
                   A        B        C        D        E       F      G
               +--------+--------+--------+--------+--------+-----+--------+
         Total |   1273 |   1244 |     29 |     57 |    862 |   2 |  636.5 |
       Dungeon |   1273 |   1244 |     29 |     57 |    862 |   2 |  636.5 |
               +--------+--------+--------+--------+--------+-----+--------+

Top non-repeatable levels by time:
     D:1: 1192 daAuts
     D:2: 81 daAuts
